[Event "Austria 2nd BL-Mitte 2024-25"]
[Site "Austria"]
[Date "2025.04.04"]
[Round "9.1"]
[White "Renner, Christoph"]
[Black "Mihok, Oliver"]
[Result "0-1"]
[Annotator "TA"]
[ECO "C42"]
[WhiteElo "2300"]
[BlackElo "2536"]
[PlyCount "110"]
[EventDate "2025.03.30"]
[EventType "team-tourn"]
[EventCountry "AUT"]
[SourceTitle "playchess.com"]
[Source "ChessBase"]
[SourceQuality "1"]
[TimeControl "40/5400+30:1800+30"]

1. e4 e5 2. Nf3 Nf6 3. Nxe5 Nxe4 4. Qe2 Qe7 5. Qxe4 d6 6. d4 dxe5 7. dxe5 (7. Qxe5 {simplifies} Qxe5+ 8. dxe5 Nc6 9. Bf4) 7... Nc6 {[%emt 0:00:07] C42: Petroff Defence: 3 Nxe5 and unusual White 3rd moves.} 8. Nc3 Qxe5 9. Bf4 (9. Qxe5+ $14 Nxe5 10. Bf4) 9... Qxe4+ $11 {[%emt 0:00:39] The position is equal.} 10. Nxe4 Bf5 11. Bd3 O-O-O 12. O-O-O Bg6 (12... Nb4 13. Nd6+ Bxd6 14. Bxf5+ Kb8 15. Bg5 (15. Bxd6 Rxd6 16. Rxd6 cxd6 $16)) 13. a3 {[%emt 0:18:28] [#]} (13. f3 $11 {remains equal.}) 13... Be7 (13... Rd4 $1 $17 14. Rhe1 f5) 14. f3 Rd4 $146 (14... Rhe8 15. h4 h5 16. Bg3 Nd4 17. Bf2 a6 18. Bxa6 bxa6 19. Bxd4 Bxe4 20. fxe4 Bd6 21. Bxg7 Rxe4 {½-½ Rakotomaharo,F (2454)-Frischmann,R (2388) BL2-Sued 2324 2023 (8.2)}) 15. c3 Rdd8 16. Bc2 Rhe8 17. Rhe1 Bh4 18. Rxd8+ Rxd8 19. g3 Be7 20. Ng5 Bxg5 21. Bxg5 Rd5 {[%emt 0:03:23] Threatens to win with ...Bxc2.} 22. Bf4 ({Don't blunder} 22. Re8+ $2 Kd7 23. Rf8 Rxg5 $19) 22... Bxc2 23. Kxc2 {[%emt 0:00:02][%mdl 4096] Endgame KRB-KRN} g5 24. Bc1 Rf5 25. Re8+ Kd7 26. Rh8 Rxf3 27. Rxh7 Rf2+ 28. Kd3 g4 29. Bf4 {[%emt 0:00:22] Wards off Ne5+} Ke6 30. b4 Ne7 31. Rh6+ f6 32. Bxc7 Rf3+ 33. Kd2 Nd5 34. Bb8 Nxc3 35. Rh4 Ne4+ 36. Kc2 f5 37. a4 Ra3 38. a5 Kd5 39. Kb2 Rd3 40. Rh7 a6 41. Rxb7 Kc4 42. Bf4 Rb3+ 43. Kc2 {[%emt 0:01:33] And now Rc7+ would win.} Rxb4 44. Rb6 Ra4 45. Rxa6 Ra2+ 46. Kc1 Nc5 47. Kb1 Rxh2 48. Rf6 Ne4 49. Rf8 {[%emt 0:03:30][%mdl 8192] This move loses the game for White.} (49. Rc6+ $11 Kb5 50. Rc2 Rh1+ 51. Kb2) 49... Nc3+ $19 50. Kc1 Ne2+ 51. Kd1 Nxf4 52. gxf4 {[%emt 0:00:25] [#]} Kd3 $1 53. Kc1 g3 {[%emt 0:00:49] Black mates.} 54. Rd8+ Ke4 55. a6 g2 {[%emt 0:00:23] Weighted Error Value: White=0.51/Black=0.09 (flawless)   Loses game:     	White=1     	---        Mistake:       	White=2     	Black=1      Inaccurate:     	White=3     	Black=2      OK:         	White=21    	Black=23     Best:        	White=2     	Black=3      Strong:       	---       	Black=1} ({Stronger than} 55... Kxf4 56. a7 Ra2 57. a8=Q $11) 0-1

[Event "Austria 2nd BL-Mitte 2024-25"]
[Site "Austria"]
[Date "2025.04.04"]
[Round "9.2"]
[White "Schreiner, Till"]
[Black "Wisnet, Dominic"]
[Result "1-0"]
[Annotator "RC"]
[ECO "E12"]
[WhiteElo "2354"]
[BlackElo "2267"]
[PlyCount "61"]
[EventDate "2025.03.30"]
[EventType "team-tourn"]
[EventCountry "AUT"]
[SourceTitle "playchess.com"]
[Source "ChessBase"]
[SourceQuality "1"]
[TimeControl "40/5400+30:1800+30"]

1. d4 Nf6 2. c4 e6 3. Nf3 b6 4. a3 Bb7 5. Nc3 Be7 6. Qc2 d5 7. cxd5 exd5 8. g3 O-O 9. Bg2 Na6 10. O-O Re8 11. b4 c6 12. Rd1 Nc7 13. e4 dxe4 14. Ng5 a5 15. bxa5 Rxa5 16. Ngxe4 Nfd5 17. a4 Qa8 18. Nxd5 Nxd5 19. Bd2 Nb4 20. Bxb4 Bxb4 21. Rab1 Rxa4 22. Ng5 h6 23. Qh7+ Kf8 24. Nf3 f6 25. Nh4 Bc8 26. d5 Bc5 27. dxc6 Rd4 28. Rxd4 Bxd4 29. Bd5 Ke7 30. Qe4+ Be5 31. Qb4+ 1-0

[Event "Austria 2nd BL-Mitte 2024-25"]
[Site "Austria"]
[Date "2025.04.04"]
[Round "9.3"]
[White "Testor, Sebastian"]
[Black "Wagner, Stephan"]
[Result "0-1"]
[Annotator "RC"]
[ECO "D11"]
[WhiteElo "2282"]
[BlackElo "2240"]
[PlyCount "62"]
[EventDate "2025.03.30"]
[EventType "team-tourn"]
[EventCountry "AUT"]
[SourceTitle "playchess.com"]
[Source "ChessBase"]
[SourceQuality "1"]
[TimeControl "40/5400+30:1800+30"]

1. d4 d5 2. Nf3 Nf6 3. c4 c6 4. e3 a6 5. Bd3 Bg4 6. Nbd2 Nbd7 7. Qc2 e6 8. O-O dxc4 9. Bxc4 c5 10. dxc5 Bxc5 11. a3 Rc8 12. b4 Bxf3 13. Nxf3 b5 14. bxc5 Rxc5 15. Qe2 Rxc4 16. a4 O-O 17. axb5 axb5 18. Nd2 Ra4 19. Rb1 Nd5 20. Qxb5 Nc3 21. Qc6 Qc8 22. Qxc8 Rxc8 23. Rb7 Nc5 24. Rb6 Ne2+ 25. Kh1 Nd3 26. Bb2 Ra2 27. Nc4 h5 28. Nd6 Nxf2+ 29. Rxf2 Ra1+ 30. Bxa1 Rc1+ 31. Rf1 Rxf1# 0-1

[Event "Austria 2nd BL-Mitte 2024-25"]
[Site "Austria"]
[Date "2025.04.04"]
[Round "9.4"]
[White "Manhardt, Thomas"]
[Black "Taggatz, Mario"]
[Result "1/2-1/2"]
[Annotator "ChessBase"]
[ECO "A01"]
[WhiteElo "2116"]
[BlackElo "2151"]
[PlyCount "61"]
[EventDate "2025.03.30"]
[EventType "team-tourn"]
[EventCountry "AUT"]
[SourceTitle "playchess.com"]
[Source "ChessBase"]
[SourceQuality "1"]
[TimeControl "40/5400+30:1800+30"]

1. b3 e5 2. Bb2 d6 3. e3 g6 4. d4 Bg7 5. Nf3 exd4 6. exd4 Ne7 7. Be2 O-O 8. O-O c6 9. c4 Nd7 10. Re1 Nf6 11. Nc3 Bf5 12. Bd3 Re8 13. h3 Bxd3 14. Qxd3 Qd7 15. Rad1 Nf5 16. Ba3 Rxe1+ 17. Rxe1 Re8 18. Rxe8+ Nxe8 19. d5 c5 20. Bc1 a6 21. Bf4 Nd4 22. Nxd4 Bxd4 23. Ne4 Qf5 24. Bg3 Kg7 25. Qf3 Qd7 26. Bf4 Qe7 27. Bg5 Qe5 28. Bf4 Qe7 29. Bg5 Qe5 30. Bf4 Qe7 31. Bg5 1/2-1/2

[Event "Austria 2nd BL-Mitte 2024-25"]
[Site "Austria"]
[Date "2025.04.04"]
[Round "9.5"]
[White "Hellmayr, Alois"]
[Black "Sohn, Benedikt"]
[Result "1/2-1/2"]
[Annotator "ChessBase"]
[ECO "D05"]
[WhiteElo "2174"]
[BlackElo "2028"]
[PlyCount "102"]
[EventDate "2025.03.30"]
[EventType "team-tourn"]
[EventCountry "AUT"]
[SourceTitle "playchess.com"]
[Source "ChessBase"]
[SourceQuality "1"]
[TimeControl "40/5400+30:1800+30"]

1. Nf3 Nf6 2. d4 c5 3. c3 e6 4. e3 b6 5. Nbd2 Bb7 6. Bd3 d5 7. Qe2 Nbd7 8. O-O Be7 9. e4 dxe4 10. Nxe4 O-O 11. Re1 cxd4 12. Nxd4 Nc5 13. Nxc5 Bxc5 14. Be3 Nd5 15. Rad1 Qf6 16. Qg4 Nxe3 17. fxe3 g6 18. Be4 Bxe4 19. Qxe4 Rad8 20. Nc6 Rxd1 21. Rxd1 Qg5 22. Rd3 b5 23. Qe5 Qh4 24. Rd1 Qg4 25. Rd2 Qc4 26. a3 Bxe3+ 27. Qxe3 Qxc6 28. Qxa7 Qe4 29. Qf2 Qb1+ 30. Qf1 Qe4 31. Qf2 h5 32. h3 f6 33. Rd7 g5 34. Rd4 Qe5 35. Rd7 Rf7 36. Rd8+ Kg7 37. Qd4 Qe1+ 38. Kh2 h4 39. Qd3 e5 40. Re8 Qf2 41. Qxb5 g4 42. hxg4 Qg3+ 43. Kh1 Qe1+ 44. Kh2 Qg3+ 45. Kh1 Qe1+ 46. Kh2 Qg3+ 47. Kg1 h3 48. Qc6 h2+ 49. Kh1 Qe1+ 50. Kxh2 Qh4+ 51. Kg1 Qe1+ 1/2-1/2

[Event "Austria 2nd BL-Mitte 2024-25"]
[Site "Austria"]
[Date "2025.04.04"]
[Round "9.6"]
[White "Hatzl, Johannes"]
[Black "Hiermann, Dietmar"]
[Result "1-0"]
[Annotator "ChessBase"]
[ECO "C54"]
[WhiteElo "2079"]
[BlackElo "2259"]
[PlyCount "127"]
[EventDate "2025.03.30"]
[EventType "team-tourn"]
[EventCountry "AUT"]
[SourceTitle "playchess.com"]
[Source "ChessBase"]
[SourceQuality "1"]
[TimeControl "40/5400+30:1800+30"]

1. e4 e5 2. Nf3 Nc6 3. Bc4 Bc5 4. c3 Nf6 5. d4 exd4 6. e5 d5 7. Bb5 Ne4 8. cxd4 Bb4+ 9. Bd2 Be7 10. h3 O-O 11. O-O Bd7 12. Nc3 Nxc3 13. bxc3 Nxe5 14. Bxd7 Nxf3+ 15. Qxf3 Qxd7 16. Rab1 c6 17. Rfe1 Rfe8 18. Bf4 Bf8 19. Re3 Rxe3 20. Qxe3 b6 21. Re1 c5 22. dxc5 bxc5 23. Qe5 Rd8 24. Rd1 Be7 25. Rd3 Bf6 26. Qe2 d4 27. cxd4 cxd4 28. Qd1 g6 29. Qd2 Qd5 30. Qe2 Kg7 31. Qd2 h5 32. Bh6+ Kh7 33. Rf3 Be5 34. Bf4 Bg7 35. Rd3 Rc8 36. Rb3 Qf5 37. Rd3 Rc4 38. Rf3 Qc5 39. Rd3 Rc2 40. Qe1 Rxa2 41. Qe8 Qc4 42. Rf3 Qe6 43. Qd8 Qe1+ 44. Kh2 Rxf2 45. Bg3 Rxf3 46. Bxe1 Rf1 47. Bg3 Rf5 48. Kg1 a6 49. Qd7 Kg8 50. Qc8+ Kh7 51. Qxa6 Bf6 52. Qd6 h4 53. Bf2 Be5 54. Qd8 Rf4 55. Bxh4 d3 56. Bf2 Ra4 57. g4 Ra3 58. Be3 Bg7 59. Kg2 Rb3 60. Qd5 Rc3 61. h4 Kg8 62. Kf3 Ra3 63. Bc5 Ra5 64. Qd8+ 1-0

[Event "Austria 2nd BL-Mitte 2024-25"]
[Site "Austria"]
[Date "2025.04.04"]
[Round "9.7"]
[White "Postlmayer, Jakob"]
[Black "Csonka, Balazs"]
[Result "*"]
[Annotator "RC"]
[ECO "C02"]
[WhiteElo "2403"]
[BlackElo "2459"]
[PlyCount "54"]
[EventDate "2025.03.30"]
[EventType "team-tourn"]
[EventCountry "AUT"]
[SourceTitle "playchess.com"]
[Source "ChessBase"]
[SourceQuality "1"]
[TimeControl "40/5400+30:1800+30"]

1. e4 e6 2. d4 d5 3. e5 c5 4. c3 Nc6 5. Nf3 Bd7 6. Bd3 Qb6 7. O-O Nge7 8. Re1 Ng6 9. a3 Be7 10. Bc2 O-O 11. h4 Rfc8 12. h5 Nf8 13. Ra2 a5 14. Be3 Rc7 15. Nbd2 cxd4 16. Nxd4 Nxd4 17. Bxd4 Qc6 18. Re3 Be8 19. Rg3 Nd7 20. Qg4 Bf8 21. Nf3 g6 22. Ng5 Bg7 23. f4 Nf8 24. Ra1 Qb5 25. b3 Rac8 26. Rf1 Qd7 27. Rh3 Qe7 *

[Event "Austria 2nd BL-Mitte 2024-25"]
[Site "Austria"]
[Date "2025.04.04"]
[Round "9.8"]
[White "Kristoferitsch, Daniel"]
[Black "Sandhoefner, Florian"]
[Result "*"]
[Annotator "RC"]
[ECO "D43"]
[WhiteElo "2282"]
[BlackElo "2214"]
[PlyCount "76"]
[EventDate "2025.03.30"]
[EventType "team-tourn"]
[EventCountry "AUT"]
[SourceTitle "playchess.com"]
[Source "ChessBase"]
[SourceQuality "1"]
[TimeControl "40/5400+30:1800+30"]

1. d4 d5 2. c4 c6 3. Nf3 Nf6 4. Nc3 e6 5. Bg5 h6 6. Bxf6 Qxf6 7. e3 Nd7 8. Be2 g6 9. O-O Bg7 10. e4 dxc4 11. e5 Qe7 12. Nd2 O-O 13. Nxc4 Rd8 14. Nd6 c5 15. f4 cxd4 16. Nce4 f6 17. Rc1 Nb6 18. Qxd4 Nd5 19. Qd2 f5 20. Nc3 Rxd6 21. exd6 Qxd6 22. Rfd1 Qc5+ 23. Kh1 Bxc3 24. bxc3 Bd7 25. c4 Nf6 26. Qd4 Qxd4 27. Rxd4 Bc6 28. Rcd1 Re8 29. Rd8 Kf7 30. Rxe8 Kxe8 31. Kg1 Ke7 32. g3 e5 33. fxe5 Nd7 34. Kf2 Nxe5 35. h4 g5 36. Rd4 b6 37. Ke3 Bb7 38. hxg5 hxg5 *

[Event "Austria 2nd BL-Mitte 2024-25"]
[Site "Austria"]
[Date "2025.04.04"]
[Round "9.9"]
[White "Hajnal, Zoltan"]
[Black "Dankhazi, Andras"]
[Result "*"]
[Annotator "RC"]
[ECO "D45"]
[WhiteElo "2325"]
[BlackElo "2338"]
[PlyCount "33"]
[EventDate "2025.03.30"]
[EventType "team-tourn"]
[EventCountry "AUT"]
[SourceTitle "playchess.com"]
[Source "ChessBase"]
[SourceQuality "1"]
[TimeControl "40/5400+30:1800+30"]

1. d4 d5 2. c4 c6 3. Nc3 Nf6 4. e3 e6 5. Nf3 Nbd7 6. Be2 dxc4 7. a4 Bd6 8. Nd2 e5 9. Nxc4 Bc7 10. b3 exd4 11. Qxd4 Nb6 12. Qxd8+ Kxd8 13. Ba3 Nxc4 14. Bxc4 Be6 15. O-O-O+ Kc8 16. f3 Rd8 17. h3 *

[Event "Austria 2nd BL-Mitte 2024-25"]
[Site "Austria"]
[Date "2025.04.04"]
[Round "9.11"]
[White "Theuretzbacher, Klaus"]
[Black "Wendl, Philipp"]
[Result "*"]
[Annotator "RC"]
[ECO "D35"]
[WhiteElo "2175"]
[BlackElo "2268"]
[PlyCount "53"]
[EventDate "2025.03.30"]
[EventType "team-tourn"]
[EventCountry "AUT"]
[SourceTitle "playchess.com"]
[Source "ChessBase"]
[SourceQuality "1"]
[TimeControl "40/5400+30:1800+30"]

1. d4 d5 2. c4 e6 3. Nc3 Nf6 4. cxd5 exd5 5. Bg5 c6 6. e3 Qb6 7. Qd2 Ne4 8. Nxe4 dxe4 9. Ne2 Be6 10. Nc3 Bb4 11. a3 Qa5 12. Bh4 Nd7 13. Be2 O-O 14. O-O Bxc3 15. bxc3 Nb6 16. Rfb1 Rac8 17. Qc2 Qd5 18. Be7 Rfe8 19. Bc5 Nd7 20. c4 Qg5 21. Bxa7 Bh3 22. Bf1 Re6 23. Rxb7 Rce8 24. g3 Qf5 25. Rxd7 Rh6 26. Rb7 Bxf1 27. Rxf1 *

[Event "Austria 2nd BL-Mitte 2024-25"]
[Site "Austria"]
[Date "2025.04.04"]
[Round "9.12"]
[White "Trippold, Denise"]
[Black "Kranzl, Peter"]
[Result "1/2-1/2"]
[Annotator "ChessBase"]
[ECO "E90"]
[WhiteElo "2173"]
[BlackElo "2139"]
[PlyCount "60"]
[EventDate "2025.03.30"]
[EventType "team-tourn"]
[EventCountry "AUT"]
[SourceTitle "playchess.com"]
[Source "ChessBase"]
[SourceQuality "1"]
[TimeControl "40/5400+30:1800+30"]

1. Nf3 Nf6 2. c4 g6 3. Nc3 Bg7 4. d4 O-O 5. e4 d6 6. h3 a5 7. Be3 Qe8 8. Be2 Na6 9. Nd2 e5 10. d5 Nd7 11. g4 Ndc5 12. Rg1 Qd8 13. a3 Bd7 14. b3 Kh8 15. Qb1 f5 16. gxf5 gxf5 17. b4 axb4 18. axb4 f4 19. Bxc5 dxc5 20. bxc5 Nxc5 21. Rxa8 Qxa8 22. Bg4 Qa5 23. Qc2 Qa1+ 24. Ndb1 Be8 25. Ke2 Rf6 26. Rc1 Rb6 27. Nd2 Qa3 28. Rb1 Rxb1 29. Ndxb1 Qa6 30. Nd2 Bf8 1/2-1/2

[Event "Austria 2nd BL-Mitte 2024-25"]
[Site "Austria"]
[Date "2025.04.04"]
[Round "9.13"]
[White "Leisch, Lukas"]
[Black "Stevic, Hrvoje"]
[Result "1-0"]
[Annotator "TA"]
[ECO "D13"]
[WhiteElo "2407"]
[BlackElo "2545"]
[PlyCount "105"]
[EventDate "2025.03.30"]
[EventType "team-tourn"]
[EventCountry "AUT"]
[SourceTitle "playchess.com"]
[Source "ChessBase"]
[SourceQuality "1"]
[TimeControl "40/5400+30:1800+30"]

1. d4 d5 2. c4 c6 3. cxd5 cxd5 4. Nf3 Nf6 5. Nc3 Nc6 6. Bf4 a6 7. Rc1 Bf5 8. e3 e6 {[%emt 0:00:29] The main line 8...e6 scores better than 8...Rc8.} 9. Qb3 Bb4 {[%emt 0:00:41] D13: Slav Defence: Exchange variation without ...Bf5.} 10. Ne5 Bxc3+ 11. bxc3 Nxe5 {[%emt 0:00:10] White has an edge.} 12. Bxe5 O-O 13. Qxb7 Ne4 {[%emt 0:00:28] Black sacrificed a pawn} 14. f3 (14. Bxa6 $2 Qa5 15. g4 Bg6 $19 (15... Qxa6 16. Qxa6 Rxa6 17. gxf5 $17) (15... Bxg4 $2 16. Bd3 $19) (15... Rxa6 16. gxf5 exf5 17. O-O $17) (15... Nxc3 $2 16. O-O $19)) 14... Qh4+ 15. g3 {[%emt 0:00:28] Active counter play!} Qh6 $146 (15... Qh5 16. Be2 Ng5 17. O-O Be4 18. Kg2 Qh3+ 19. Kg1 Qh5 20. Kg2 Qh3+ 21. Kg1 Qh5 22. Kg2 {½-½ Van der Hagen,L (2382)-Rasmussen,C (2239) Plzen A2 12th 2024 (9)}) 16. Bf4 (16. fxe4 $2 Qxe3+ 17. Kd1 Bxe4 $19) (16. Ke2 {is more complex.} Rac8 17. c4 Ng5 18. Bf4) 16... g5 $1 17. Bc7 (17. fxe4 Bxe4 18. Bd6 Bxh1 19. Bxf8 Rxf8 $15) 17... g4 $1 18. Bf4 (18. fxe4 $2 Qxe3+ 19. Kd1 Bxe4 $19 (19... Qxe4 $2 20. Rg1 $18)) 18... Ng5 19. fxg4 Be4 $132 {[%emt 0:03:24][%mdl 2048] [#] Threatens to win with ...e5. Black has counterplay} 20. h4 $1 Bxh1 21. Bxg5 Qg6 22. Bf4 {[%emt 0:00:23] Prevents Rfb8} Qxg4 23. c4 Qf3 $2 {[%emt 0:09:13] [#] White stays focused until the end.} (23... f6 $11 {and Black is okay.}) 24. Qe7 $1 $18 {[%emt 0:33:00][%mdl 1024] White has strong compensation.} h6 {[%emt 0:00:04] Prevents Qg5+} (24... Qe4 {was called for.}) 25. Be2 Qe4 {[%emt 0:00:13] Black is weak on the dark squares} 26. Qf6 Rfb8 $2 (26... Qg6 27. Qxg6+ fxg6) 27. Be5 ({Weaker is} 27. Qxh6 Rb1 28. Qg5+ Kh7 29. Qh6+ (29. Rxb1 Qxb1+ 30. Kf2 dxc4 $16) 29... Kg8 30. Qg5+ Kh7 $16) ({Don't take} 27. Bxh6 Qg6 28. Qxg6+ fxg6 $18) 27... Qh7 {[%emt 0:00:05] [#] Prevents Qg7+} 28. Bd3 {[%emt 0:01:06][%mdl 512] A strong pair of Bishops.} Be4 29. Bxe4 dxe4 30. Bxb8 Rxb8 {[%emt 0:00:03][%mdl 4096] Endgame KQR-KQR. White is a pawn up.} 31. c5 Qg6 32. Qxg6+ fxg6 {[%emt 0:00:01] KR-KR. White is a pawn up.} 33. Kd2 Kf7 34. Rf1+ Ke7 35. Rf4 Rb2+ 36. Kc3 Rxa2 37. Rxe4 Kf6 38. Rf4+ Ke7 39. Re4 Kf6 $1 40. g4 g5 (40... Kf7 $142 41. g5 hxg5 42. hxg5 Rg2) 41. hxg5+ hxg5 42. Re5 {[%emt 0:00:00] and c6 should not be overlooked} Ra1 43. Kb4 a5+ $2 (43... Ra2 44. c6 Ke7 45. Rxg5 Kd6) 44. Kb5 a4 45. Kb4 a3 (45... Ra2 $142 46. Kb5 a3) 46. Kb3 {[%emt 0:00:00] White is clearly winning.} a2 47. Re4 Ke7 48. Kb2 Rg1 49. Kxa2 Kd7 50. Kb3 Rg2 51. Kc3 Rg1 52. Kd2 Rg2+ 53. Ke1 {[%emt 0:00:00] Weighted Error Value: White=0.20 (precise) /Black=0.53  Loses game:     	---       	Black=1      Mistake:       	---       	Black=5      Inaccurate:     	White=2     	Black=1      OK:         	White=19    	Black=13     Best:        	White=3     	Black=4      Strong:       	White=1     	Black=3} 1-0

[Event "Austria 2nd BL-Mitte 2024-25"]
[Site "Austria"]
[Date "2025.04.04"]
[Round "9.14"]
[White "Heinemann, Thies"]
[Black "Salvenmoser, Stefan"]
[Result "1/2-1/2"]
[Annotator "RC"]
[ECO "B51"]
[WhiteElo "2418"]
[BlackElo "2296"]
[PlyCount "97"]
[EventDate "2025.03.30"]
[EventType "team-tourn"]
[EventCountry "AUT"]
[SourceTitle "playchess.com"]
[Source "ChessBase"]
[SourceQuality "1"]
[TimeControl "40/5400+30:1800+30"]

1. e4 c5 2. Nf3 d6 3. Bb5+ Nc6 4. Bxc6+ bxc6 5. O-O e5 6. Re1 Nf6 7. c3 Be7 8. d4 cxd4 9. cxd4 exd4 10. Nxd4 Bd7 11. Nc3 O-O 12. Bf4 Re8 13. h3 Qb6 14. Re2 h6 15. Rc1 Rad8 16. Rd2 Bf8 17. Qf3 c5 18. Nde2 Bc6 19. Ng3 Qb4 20. Nd5 Bxd5 21. exd5 Ne4 22. Re2 Nxg3 23. Bxg3 Rxe2 24. Qxe2 Qb7 25. Rd1 Rb8 26. b3 a5 27. Qe4 Qb4 28. Re1 Ra8 29. f3 g6 30. Re2 Qb5 31. Qc4 Qxc4 32. bxc4 Rb8 33. Kf2 a4 34. Ke3 Be7 35. Kd3 Kf8 36. Bf4 g5 37. Bc1 Bf6 38. Ba3 Rb7 39. Kc2 Rb8 40. Re1 Bd4 41. Re4 Bf6 42. Re2 Rb7 43. Re1 h5 44. Re4 Rb8 45. Re2 Kg7 46. Bc1 Kg6 47. g4 Be5 48. Rg2 f6 49. Kd3 1/2-1/2

[Event "Austria 2nd BL-Mitte 2024-25"]
[Site "Austria"]
[Date "2025.04.04"]
[Round "9.15"]
[White "Singer, Christoph"]
[Black "Kreisl, Robert"]
[Result "1/2-1/2"]
[Annotator "RC"]
[ECO "D04"]
[WhiteElo "2268"]
[BlackElo "2277"]
[PlyCount "61"]
[EventDate "2025.03.30"]
[EventType "team-tourn"]
[EventCountry "AUT"]
[SourceTitle "playchess.com"]
[Source "ChessBase"]
[SourceQuality "1"]
[TimeControl "40/5400+30:1800+30"]

1. Nf3 Nf6 2. d4 c5 3. e3 d5 4. Be2 Nc6 5. O-O Bg4 6. Nbd2 e6 7. a3 cxd4 8. exd4 Bd6 9. Re1 O-O 10. c3 Qc7 11. Nf1 Ne4 12. Ng5 Bxe2 13. Qxe2 Nxg5 14. Bxg5 Bf4 15. Bxf4 Qxf4 16. Rad1 Ne7 17. Ng3 g6 18. Rd3 Nf5 19. Nxf5 Qxf5 20. Qd2 Qf6 21. Rf3 Qg7 22. h4 h6 23. Rg3 Rae8 24. f4 h5 25. Re5 f6 26. Re1 f5 27. Qe2 Re7 28. Re3 Rfe8 29. Re5 Qf6 30. g3 Kf7 31. c4 1/2-1/2

[Event "Austria 2nd BL-Mitte 2024-25"]
[Site "Austria"]
[Date "2025.04.04"]
[Round "9.16"]
[White "Frosch, Erich"]
[Black "Belezky, Alexander"]
[Result "0-1"]
[Annotator "RC"]
[ECO "E11"]
[WhiteElo "2135"]
[BlackElo "2290"]
[PlyCount "134"]
[EventDate "2025.03.30"]
[EventType "team-tourn"]
[EventCountry "AUT"]
[SourceTitle "playchess.com"]
[Source "ChessBase"]
[SourceQuality "1"]
[TimeControl "40/5400+30:1800+30"]

1. d4 Nf6 2. c4 e6 3. Nf3 Bb4+ 4. Nbd2 b6 5. a3 Bxd2+ 6. Qxd2 a5 7. Qc2 Bb7 8. Bg5 h6 9. Bh4 d6 10. e3 Nbd7 11. Bd3 Qe7 12. e4 e5 13. dxe5 dxe5 14. Bg3 Nh5 15. Qc3 Nxg3 16. hxg3 Nc5 17. O-O O-O-O 18. Bc2 Nxe4 19. Bxe4 Bxe4 20. c5 Qxc5 21. Qxc5 bxc5 22. Nxe5 Rhe8 23. Nc4 a4 24. Rfc1 Kb7 25. Ne3 Kc6 26. Rc3 Rd3 27. Rc4 Rd4 28. Rc3 Rd3 29. Rc4 Rd4 30. Rc3 Rb8 31. Rac1 Rb5 32. f3 Bg6 33. g4 f6 34. Kh2 Rd3 35. Rxd3 Bxd3 36. Rd1 c4 37. Rd2 c3 38. bxc3 Bh7 39. Rd4 Rb3 40. Rc4+ Kd6 41. Rd4+ Ke6 42. Rxa4 Rxc3 43. Nd1 Rc1 44. Ne3 Bd3 45. Ra7 Re1 46. Nf5 g6 47. Ng7+ Kf7 48. Rxc7+ Re7 49. Rxe7+ Kxe7 50. a4 Kf7 51. Nh5 gxh5 52. gxh5 f5 53. Kg3 Kf6 54. Kf4 Ba6 55. a5 Bc8 56. g3 Bb7 57. g4 fxg4 58. fxg4 Bc8 59. Kf3 Kg5 60. Kg3 Bxg4 61. a6 Bc8 62. a7 Bb7 63. Kh3 Kxh5 64. Kg3 Kg5 65. Kh3 h5 66. Kg3 h4+ 67. Kh3 Ba8 0-1

[Event "Austria 2nd BL-Mitte 2024-25"]
[Site "Austria"]
[Date "2025.04.04"]
[Round "9.17"]
[White "Lentrodt, Thomas"]
[Black "Wegerer, Fred"]
[Result "1/2-1/2"]
[Annotator "ChessBase"]
[ECO "D53"]
[WhiteElo "2228"]
[BlackElo "2113"]
[PlyCount "178"]
[EventDate "2025.03.30"]
[EventType "team-tourn"]
[EventCountry "AUT"]
[SourceTitle "playchess.com"]
[Source "ChessBase"]
[SourceQuality "1"]
[TimeControl "40/5400+30:1800+30"]

1. d4 Nf6 2. c4 e6 3. Nf3 Bb4+ 4. Bd2 Be7 5. Nc3 d5 6. Bg5 c6 7. e3 Nbd7 8. Qc2 h6 9. Bh4 O-O 10. Bd3 a6 11. cxd5 cxd5 12. a4 b6 13. O-O Bb7 14. Rfc1 Re8 15. Na2 Qb8 16. Qb3 Qa7 17. Nb4 Rac8 18. Bf1 Bd6 19. Bg3 Ne4 20. Bxd6 Nxd6 21. Qd3 Nb8 22. b3 a5 23. Na2 Ba6 24. Qd1 Ne4 25. Bd3 Bxd3 26. Qxd3 Qa6 27. Ne5 Qxd3 28. Nxd3 Na6 29. f3 Nd6 30. Kf2 Kf8 31. Ne5 Nb8 32. Ke2 f6 33. Nd3 Ke7 34. Rxc8 Rxc8 35. Rc1 Rxc1 36. Ndxc1 Nc6 37. Nc3 Kd7 38. Nd3 Na7 39. e4 Nc6 40. Ke3 Ne7 41. Nf4 g5 42. Nh5 f5 43. g3 fxe4 44. fxe4 dxe4 45. Nf6+ Kc6 46. Ncxe4 Nf7 47. Kd3 e5 48. g4 exd4 49. Kxd4 Ng6 50. Nf2 b5 51. Nd3 bxa4 52. bxa4 Nh4 53. h3 Nf3+ 54. Ke4 Nh4 55. Nh5 Kd6 56. Ng3 Ke6 57. Nc5+ Kf6 58. Nb7 Ke6 59. Nxa5 Nd6+ 60. Ke3 Kd5 61. Ne2 Ng2+ 62. Kf2 Nh4 63. Ng3 Ng6 64. Nf5 Ne4+ 65. Kg2 Nf4+ 66. Kh2 Nc5 67. Nxh6 Nxa4 68. Nf7 Ne6 69. Nb3 Nc3 70. Nd2 Ne4 71. Nxe4 Kxe4 72. Kg3 Ke3 73. Nd6 Kd4 74. Kf3 Ke5 75. Nc4+ Kf6 76. Ke4 Nc5+ 77. Kf3 Ne6 78. Nb2 Nd4+ 79. Ke4 Ne6 80. Nd3 Nf8 81. Nc5 Ng6 82. Kd4 Nf4 83. Ne4+ Kg6 84. Nf2 Kf6 85. Ke4 Ne6 86. Nd3 Nf8 87. Ne5 Ne6 88. Nf3 Nc5+ 89. Ke3 Ne6 1/2-1/2

[Event "Austria 2nd BL-Mitte 2024-25"]
[Site "Austria"]
[Date "2025.04.04"]
[Round "9.18"]
[White "Walzl, Martin"]
[Black "Schwabeneder, Alois"]
[Result "1/2-1/2"]
[Annotator "NA"]
[ECO "E17"]
[WhiteElo "2000"]
[BlackElo "1944"]
[PlyCount "59"]
[EventDate "2025.03.30"]
[EventType "team-tourn"]
[EventCountry "AUT"]
[SourceTitle "playchess.com"]
[Source "ChessBase"]
[SourceQuality "1"]
[TimeControl "40/5400+30:1800+30"]

1. Nf3 Nf6 2. g3 b6 3. Bg2 Bb7 4. O-O e6 5. c4 Be7 6. b3 O-O 7. Bb2 c5 8. d4 d5 9. cxd5 Bxd5 10. Nc3 Bc6 11. Rc1 Nbd7 12. Na4 Rc8 13. dxc5 Bxa4 14. bxa4 Nxc5 15. Nd4 Qd7 16. Nc6 Nd5 17. Nxe7+ Qxe7 18. Bxd5 exd5 19. Qd4 Ne6 20. Qxd5 Rcd8 21. Qb3 Rfe8 22. Rfd1 Qb7 23. Rxd8 Rxd8 24. Rd1 Rc8 25. h4 h6 26. Rc1 Rd8 27. Rd1 Rc8 28. Rc1 Rd8 29. Rd1 Rc8 30. Rc1 1/2-1/2